 Dungeon Crawl Stone Soup version 0.28-a0-683-ga8797d1ae1 (webtiles) character file.

Game seed: 9671661382223266079

132 shoop the Skirmisher (level 5, -3/54 HPs)
             Began as an Ogre Fighter on Oct 18, 2021.
             Slain by an ogre (33 damage)
             ... on level 3 of the Dungeon.
             The game lasted 00:04:54 (2836 turns).

shoop the Skirmisher (Ogre Fighter)                 Turns: 2836, Time: 00:04:55

Health: -3/54      AC:  3    Str: 26    XL:     5   Next: 15%
Magic:  6/6        EV:  8    Int: 10    God:
Gold:   32         SH:  7    Dex:  8    Spells: 3/5 levels left

rFire   . . .      SeeInvis .   i - +2 whip (holy)
rCold   . . .      Faith    .   c - +0 kite shield
rNeg    . . .      Spirit   .   b - +0 robe
rPois   .          Reflect  .   (helmet restricted)
rElec   .          Harm     .   (no cloak)
rCorr   .          Rampage  .   (gloves unavailable)
Will    .....                   (boots unavailable)
Stlth   +.........              (no amulet)
HPRegen 0.18/turn               m - +6 ring of strength
MPRegen 0.10/turn               (no ring)

@: no status effects
A: large, unfitting armour, tough skin 1
a: no special abilities


You were on level 3 of the Dungeon.
You visited 1 branch of the dungeon, and saw 3 of its levels.

You collected 94 gold pieces.
You spent 62 gold pieces at shops.

Inventory:

Hand Weapons
 a - a +0 flail
 i - a +2 whip of holy wrath (weapon)
Missiles
 g - 2 silver boomerangs (quivered)
Armour
 b - a +0 robe (worn)
 c - a +0 kite shield (worn)
Jewellery
 m - a +6 ring of strength (left hand)
Scrolls
 e - a scroll of vulnerability {unknown}
 h - a scroll of noise {unknown}
 j - a scroll of summoning {unknown}
 l - a scroll of teleportation {unknown}
Potions
 d - a potion of might
 f - 2 potions of brilliance {unknown}
 k - a potion of haste {unknown}
 n - a potion of heal wounds


   Skills:
 - Level 4.2 Fighting
 + Level 4.0 Maces & Flails
 + Level 0.0 Throwing
 - Level 3.0 Dodging
 + Level 2.8 Shields
 + Level 0.7 Spellcasting
 + Level 0.3 Transmutations
 + Level 0.3 Earth Magic


You had 3 spell levels left.
You knew the following spells:

 Your Spells              Type           Power      Damage    Failure   Level
p - Passwall              Tmut/Erth      0%         N/A       86%         2

Your spell library contained the following spells:

 Spells                   Type           Power      Damage    Failure   Level
 Sandblast                Erth           2%         2d4       75%         1
 Summon Small Mammal      Summ           0%         N/A       78%         1
 Call Canine Familiar     Summ           0%         N/A       98%         3
 Stone Arrow              Conj/Erth      0%         3d7       98%         3
 Summon Guardian Golem    Hex/Summ       0%         N/A       98%         3
 Summon Ice Beast         Ice/Summ       0%         N/A       100%        4
 Blade Hands              Tmut           0%         N/A       100%        5
 Irradiate                Conj/Tmut      0%         3d13      100%        5
 Summon Mana Viper        Hex/Summ       0%         N/A       100%        5
 Dragon Form              Tmut           0%         N/A       100%        7
 Monstrous Menagerie      Summ           0%         N/A       100%        7


Dungeon Overview and Level Annotations

Branches:
Dungeon (3/15)

Altars:

Shops:
D:3 *

Annotations:
D:3 2 transporters


Innate Abilities, Weirdness & Mutations

You are too large for most types of armour.
You have tough skin. (AC +1)


Message History

You hit the kobold.
You kill the kobold!
No target in view!
No target in view!
No target in view!
No target in view!
An ogre comes into view. It is wielding a +0 giant spiked club.
The ogre shouts!
Things that are here:
a +0 dagger; a kobold corpse You see here a rat corpse.
Throw: 2 boomerangs (silver)
Press: ? - help, Q - select action, (/) - cycle Shift-Dir - straight line, f - ogre
Aim: an ogre, wielding a +0 giant spiked club (72% to hit)
You throw a silver boomerang. The silver boomerang hits the ogre.
The ogre is lightly wounded.
Throw: 2 boomerangs (silver)
Press: ? - help, Q - select action, (/) - cycle Shift-Dir - straight line, f/p - ogre
Aim: an ogre, wielding a +0 giant spiked club (lightly wounded, 72% to hit)
You throw a silver boomerang.
The silver boomerang barely misses the ogre.
Throw: 3 darts (datura)
Press: ? - help, Q - select action, (/) - cycle Shift-Dir - straight line, f/p - ogre
Aim: an ogre, wielding a +0 giant spiked club (72% to hit, chance to frenzy on hit: 27%)
You throw a datura-tipped dart.
The datura-tipped dart barely misses the ogre.
Throw: 2 darts (datura)
Press: ? - help, Q - select action, (/) - cycle Shift-Dir - straight line, f/p - ogre
Aim: an ogre, wielding a +0 giant spiked club (72% to hit, chance to frenzy on hit: 27%)
You throw a datura-tipped dart. The datura-tipped dart hits the ogre.
The ogre resists.
The ogre hits you with a +0 giant spiked club!!
Throw: dart (datura)
Press: ? - help, Q - select action, (/) - cycle Shift-Dir - straight line, f/p - ogre
Aim: an ogre, wielding a +0 giant spiked club (72% to hit, chance to frenzy on hit: 27%)
You throw a datura-tipped dart. The datura-tipped dart hits the ogre.
The ogre resists.
The ogre hits you with a +0 giant spiked club!!
Ouch! That really hurt!
You die...

#.#..###
#.#..#
#.#..#
#.#..#
#.#..#
#..#
#..####.#
#.......#
##@####.#
#O# #†#
#.# #.#
#)#
........#
..O....(#
........#


You could see an ogre.

Vanquished Creatures
  Terence (D:3)
  3 gnolls (D:3)
  An adder (D:2)
  A worm (D:2)
  2 dart slugs
  4 orcs (D:3)
  4 ball pythons
  6 bats
  4 endoplasms
  2 giant cockroaches
  4 goblins (D:2)
  7 hobgoblins
  2 kobolds
  3 quokkas
  2 frilled lizards (D:1)
  5 rats
51 creatures vanquished.

Notes
Turn   | Place    | Note
-------+----------+-------------------------------------------
     0 | D:1      | shoop the Ogre Fighter began the quest for the Orb.
     0 | D:1      | Reached XP level 1. HP: 24/24 MP: 1/1
   211 | D:1      | Reached XP level 2. HP: 24/32 MP: 2/2
  1012 | D:1      | Reached XP level 3. HP: 38/39 MP: 3/3
  1015 | D:1      | Learned a level 2 spell: Passwall
  1148 | D:2      | Found a faded altar of an unknown god.
  1885 | D:2      | Reached XP level 4. HP: 46/48 MP: 4/4
  2220 | D:3      | Found a transporter.
  2247 | D:3      | Found a transporter.
  2498 | D:3      | Noticed Terence
  2522 | D:3      | Killed Terence
  2523 | D:3      | Reached XP level 5. HP: 7/54 MP: 4/6
  2790 | D:3      | Found Xikhli's General Store.
  2796 | D:3      | Bought a potion of heal wounds for 50 gold pieces
  2796 | D:3      | Bought 3 datura-tipped darts for 12 gold pieces
  2826 | D:3      | Noticed an ogre
  2836 | D:3      | Slain by an ogre

Illustrated notes

Levels and vault maps discovered:
D:1:      dpeg_arrival_fog, layout_loops_ring
D:2:      layout_basic, chequers_ecumenical_altar_simple
D:3:      layout_basic, mainiacjoe_overflow_alcove_1, serial_shops, shop,
          gammafunk_ghost_stat_death, kennysheep_orc_chapel, uniq_terence,
          uniq_sigmund

Skill      XL: |  1  2  3  4 |
---------------+-------------+-----
Maces & Flails | 2 3 4 |  4.0
Dodging        | 3 |  3.0
Fighting       | |  4.2
Shields        | |  2.8
Spellcasting   | |  0.7
Transmutations | |  0.3
Earth Magic    | |  0.3

Action                   |  1- 3 |  4- 6 || total
-------------------------+-------+-------++-------
Melee: Flail             |    80 |       ||    80
       Whip              |    57 |    49 ||   106
Throw: Dart              |       |     3 ||     3
       Boomerang         |       |     2 ||     2
 Stab: Sleeping          |     1 |       ||     1
Armor: Robe              |    50 |     5 ||    55
Dodge: Dodged            |    56 |    16 ||    72
Block: Kite shield       |    51 |    19 ||    70

Table legend: (Time is in decaauts)
 A = Elapsed time spent in this place.
 B = Non-inter-level travel time spent in this place.
 C = Inter-level travel time spent in this place.
 D = Time resting spent in this place.
 E = Time spent auto-exploring this place.
 F = Levels seen in this place.
 G = Mean time per level.
                   A        B        C        D        E       F      G
               +--------+--------+--------+--------+--------+-----+--------+
         Total |   2892 |   2867 |     25 |    117 |   2241 |   3 |  964.0 |
       Dungeon |   2892 |   2867 |     25 |    117 |   2241 |   3 |  964.0 |
               +--------+--------+--------+--------+--------+-----+--------+

Top non-repeatable levels by time:
     D:1: 1096 daAuts
     D:2: 1070 daAuts
     D:3: 726 daAuts
